Map: Orbital Shipyard

Players

Idiocracy - Winner!

  • Race: Terran Terran
  • League: Silver

Hellhammer

  • Race: Terran Terran
  • League: Silver

VOD

Have the link to the VOD?

Description

Time

  • Played on: Dec. 29, 2015, 7:10 a.m.
  • Length: 17:04
Show
View Real Time Build Order
Export as new Build Order

Idiocracy Terran - Winner!

Build Orders: MMM Bio 

Get SALT Encoding   

  12  0:02  SCV  
  13  0:14  SCV  
  13  0:20  Supply Depot  
  14  0:26  SCV  
  15  0:29  Refinery  
  15  0:44  Barracks  
  15  0:58  Barracks  
  15  1:02  SCV  
  16  1:14  Supply Depot  
  16  1:20  SCV  
  17  1:31  Reaper  
  18  1:36  Orbital Command  
  19  1:47  Reaper  
  19  2:00  Refinery  
  19  2:03  SCV  
  19  2:05  Reaper  
  21  2:15  SCV  
  22  2:20  Reaper  
  23  2:35  Command Center  
  23  2:47  SCV  
  23  2:48  Factory  
  23  2:50  Reaper  
  25  2:57  Marine  
  25  4:03  Factory Tech Lab  
  25  4:04  Barracks Tech Lab  
  25  4:10  Barracks Reactor  
  25  4:16  SCV  
  26  4:23  Engineering Bay  
  26  4:25  Starport  
  26  4:26  Orbital Command  
  26  4:28  SCV  
  26  4:29  Siege Tank  
  26  4:31  Stimpack, Marine  
  31  4:46  Marine x2  
  31  5:04  Starport Reactor, Marine x2  
  31  5:05  Siege Tank  
  36  5:16  Marauder  
  38  5:22  Marine x2  
  38  5:26  SCV  
  41  5:29  SCV, Barracks x2  
  41  5:32  Terran Infantry Weapons Level 1  
  42  5:38  SCV  
  42  5:40  Marine x2  
  42  5:41  SCV  
  46  5:47  Missile Turret  
  46  5:49  Supply Depot  
  46  5:52  Supply Depot  
  46  6:10  SCV, Siege Tank  
  50  6:14  Medivac x2  
  54  6:22  SCV  
  54  6:23  Missile Turret  
  55  6:35  SCV  
  54  6:41  Marauder  
  54  6:42  Barracks Reactor  
  54  6:43  Barracks Reactor  
  54  6:44  Missile Turret  
  56  6:53  Refinery  
  56  7:01  Combat Shields  
  56  7:02  Marauder  
  56  7:06  Missile Turret  
  56  7:07  SCV  
  59  7:10  SCV  
  60  7:20  Refinery  
  60  7:22  SCV, Marine  
  62  7:30  Marine  
  62  7:48  Marine  
  62  7:49  Marine  
  62  8:04  Missile Turret  
  62  8:29  Marauder, Marine x2  
  62  8:33  Viking, Marine  
  62  8:34  Marine x2  
  62  8:35  Marine  
  62  8:58  Supply Depot  
  62  9:00  Terran Infantry Armor Level 1  
  62  9:06  Supply Depot  
  62  9:19  SCV, Viking, Medivac, Marine x3  
  70  9:28  Marauder, Marine x3  
  75  9:31  SCV  
  76  9:39  Command Center  
  76  9:40  Marine x2  
  78  10:27  Medivac  
  78  10:32  Marine  
  78  10:33  Marine x5  
  78  10:40  Medivac  
  78  10:48  Supply Depot  
  78  10:49  Supply Depot  
  78  10:50  SCV, Siege Tank, Marine  
  78  10:51  Supply Depot, Marine x3, Marauder  
  78  10:55  Planetary Fortress  
  88  10:59  Liberator  
  88  11:02  Missile Turret  
  88  11:03  SCV, Marine x2  
  91  11:12  Marauder  
  91  11:15  SCV  
  97  11:23  Siege Tank, Missile Turret  
  97  11:25  Barracks  
  100  11:26  Armory  
  100  11:27  SCV  
  100  11:28  Marine x4  
  100  11:29  Marine x2  
  107  11:39  SCV  
  87  11:51  Marine x6  
  87  11:52  Marine  
  94  12:13  Marine x5  
  94  12:14  Marine  
  94  12:15  Medivac  
  102  12:17  Terran Infantry Weapons Level 2, Medivac  
  104  12:54  Marine x3  
  104  12:55  Marine x3  
  110  13:08  Marine  
  110  13:10  Siege Tank  
  110  13:12  Marine x3  
  117  13:34  Supply Depot  
  117  13:35  Barracks Reactor, Supply Depot  
  117  13:36  Supply Depot  
  117  13:38  Supply Depot  
  117  13:41  Liberator x2  
  117  13:56  Siege Tank, Marauder  
  128  14:19  Marine x2  
  128  14:20  Marauder, Marine x2  
  131  14:41  Marauder  
  128  14:57  Siege Tank  
  128  14:58  Marine x4  
  128  14:59  Marine x3  
  137  15:00  Marine  
  137  15:02  Marauder  
  141  15:08  Medivac x2  
  145  15:16  Marine x4  
  145  15:20  Supply Depot, Refinery  
  149  15:21  Supply Depot  
  149  15:22  Supply Depot  
  149  15:42  Marauder  
  151  15:47  Refinery  
  151  15:49  Marine x2  
  152  15:50  Marine x6  
  159  16:03  Marine  
  160  16:07  Marine x2  
  160  16:08  Marine  
  163  16:21  Marauder  
  159  16:42  Marauder  
Show
View Real Time Build Order
Export as new Build Order

Hellhammer Terran 

Build Orders:  

Get SALT Encoding   

  12  0:01  SCV  
  13  0:13  SCV  
  14  0:19  Supply Depot  
  14  0:25  SCV  
  15  0:40  SCV  
  16  0:44  Barracks  
  16  0:46  Refinery  
  16  0:56  SCV  
  17  1:08  SCV  
  18  1:20  SCV  
  19  1:33  Orbital Command  
  19  1:58  SCV  
  19  1:59  Reaper  
  21  2:03  Supply Depot  
  21  2:10  Command Center  
  21  2:12  SCV  
  22  2:20  Factory  
  22  2:24  SCV  
  23  2:31  Barracks Reactor  
  23  2:35  Barracks  
  24  2:37  SCV  
  24  2:46  Refinery  
  24  2:49  SCV  
  24  3:01  SCV  
  25  3:06  Hellion  
  25  3:09  Marine x2  
  27  3:24  Orbital Command  
  23  3:36  Marine x2  
  23  3:38  Hellion  
  25  3:48  SCV  
  21  4:03  Marine  
  21  4:05  Marine  
  21  4:07  Hellion  
  25  4:14  SCV  
  25  4:15  SCV  
  27  4:25  Marine  
  27  4:26  Marine  
  27  4:28  SCV x2  
  27  4:31  Factory Tech Lab  
  31  4:37  Starport  
  31  4:40  SCV x2  
  33  4:46  Marine x2  
  33  4:47  Engineering Bay  
  33  4:52  SCV  
  36  4:58  SCV  
  37  5:11  SCV x2  
  37  5:12  Barracks x2  
  39  5:18  Missile Turret  
  39  5:20  Missile Turret  
  39  5:21  Missile Turret  
  39  5:24  Missile Turret  
  39  5:25  Liberator  
  39  5:26  Marine  
  39  5:27  Marine  
  41  5:40  SCV x2  
  46  5:52  Supply Depot  
  46  6:00  Barracks Reactor, Barracks Tech Lab  
  46  6:08  Refinery  
  46  6:10  Refinery  
  46  6:13  SCV x2, Marine x2  
  50  6:21  Terran Infantry Weapons Level 1  
  50  6:26  Starport Reactor  
  50  6:29  SCV x2  
  50  6:30  Engineering Bay  
  52  6:34  Supply Depot  
  52  6:37  Marine x2  
  52  6:39  Supply Depot  
  54  6:42  Combat Shields  
  54  6:55  Marine x2  
  54  6:56  SCV x2  
  58  7:13  SCV x2  
  58  7:14  Marine x4  
  64  7:16  Command Center  
  64  7:19  Siege Tank  
  67  7:28  SCV x2  
  69  7:36  Marine  
  70  8:02  Supply Depot  
  70  8:03  Supply Depot  
  70  8:07  Supply Depot  
  70  8:13  Terran Infantry Armor Level 1  
  70  8:17  Armory, Marine  
  70  8:18  Marine  
  70  8:19  SCV  
  70  8:20  Marine  
  70  8:22  SCV, Marauder  
  70  8:23  Medivac x2  
  70  8:25  Stimpack  
  65  8:33  Orbital Command  
  60  8:37  Marine  
  60  8:38  Marine  
  60  8:39  Marine x2  
  64  8:42  Siege Tank  
  64  8:43  Marauder  
  69  8:53  SCV x2  
  71  8:55  Medivac  
  71  9:00  Refinery  
  73  9:06  Refinery  
  73  9:11  SCV x2  
  75  9:20  Siege Tank  
  75  9:21  Barracks  
  75  9:22  Barracks  
  75  9:23  SCV  
  79  9:29  Marine x4  
  79  9:30  Marauder  
  85  9:35  SCV x2  
  85  9:36  SCV  
  88  9:41  Terran Infantry Weapons Level 2  
  88  9:49  Marine x3  
  91  9:55  Siege Tank  
  94  10:00  SCV  
  94  10:01  SCV x2  
  82  10:32  Liberator  
  77  10:36  Marine  
  77  10:37  Marine x3  
  77  10:38  Barracks Reactor x2  
  82  10:42  SCV  
  82  10:43  SCV x2  
  87  10:54  SCV  
  87  10:55  SCV  
  89  10:59  Marine x2  
  89  11:01  SCV  
  93  11:11  SCV x2  
  79  11:43  Marine x6  
  79  11:44  Marine  
  52  11:53  Marine  
  49  11:57  Medivac x2  
  49  12:00  Marauder  
  46  12:02  Marine x3  
  46  12:03  Marine x4  
  46  12:05  SCV x3  
  56  12:16  Siege Tank  
  56  12:19  SCV x2  
  56  12:20  SCV  
  56  12:22  Marine  
  62  12:23  Marine  
  64  12:31  Medivac  
  64  12:32  Medivac  
  68  12:39  Marine x4  
  68  12:43  Concussive Shells  
  61  12:52  Siege Tank  
  60  13:04  Medivac x2  
  60  13:05  SCV x2  
  66  13:23  Marine x4  
  70  13:36  Terran Infantry Armor Level 2  
  70  13:38  Command Center  
  70  13:39  Marine  
  70  13:40  Marine  
  72  13:50  SCV x2  
  71  13:59  Marine x4  
  73  14:05  SCV  
  74  14:12  SCV  
  74  14:13  Marine x2  
  77  14:20  SCV  
  76  14:41  Marine x5  
  76  14:44  SCV x2  
  83  14:47  Medivac  
  79  14:54  Orbital Command  
  79  15:06  Marine x4  
  83  15:15  SCV x2  
  85  15:27  Marine x5  
  85  15:28  Marine x2  
  91  15:34  SCV  
  91  15:35  SCV x2  
  95  15:46  Marine x2  
  95  15:47  Marine x3  
  100  15:55  Siege Tank  
  103  16:00  SCV x2  
  103  16:01  SCV  
  103  16:03  Marine  
  103  16:04  Marine  
  108  16:13  SCV  
  109  16:19  Supply Depot  
  109  16:23  Supply Depot  
  109  16:26  SCV x2  
  102  16:44  SCV x3  
Tags
 
Composition
MMM Bio
Matchup
TvT
Race
Terran
Add a new tag
Caveats
  • Supply blocks, unpowered buildings, or Contaminate may cause inaccurate times.
  • Supply counts are checked every 10 seconds.